 Dungeon Crawl Stone Soup version 0.18.1-8-gdd0e5ea (webtiles) character file.

244 Shtopit the Skirmisher (level 5, -1/45 HPs)
             Began as a Centaur Fighter on May 30, 2016.
             Slain by an adder skeleton (3 damage)
             ... on level 4 of the Dungeon.
             The game lasted 00:09:42 (3414 turns).

Shtopit the Skirmisher (Centaur Fighter)            Turns: 3414, Time: 00:09:43

Health: -1/45      AC:  6    Str: 19    XL:     5   Next: 83%
Magic:  5/5        EV:  6    Int:  7    God:
Gold:   192        SH:  8    Dex:  9    Spells: 0 memorised, 4 levels left

rFire  . . .     SeeInvis .     a - +1 long sword
rCold  . . .     Gourm    .     b - +0 scale mail
rNeg   . . .     Faith    .     c - +0 shield
rPois  .         Spirit   .     (no helmet)
rElec  .         Dismiss  .     (no cloak)
rCorr  .         Reflect  .     (no gloves)
SustAt .         Harm     .     (no barding)
MR     .....                    (no amulet)
Stlth  ..........               (no ring)
                                (no ring)

@: very quick, not resistant to hostile enchantments, extremely unstealthy
A: hooves 3, deformed body, speed 2, tough skin 3
a: no special abilities


You were on level 4 of the Dungeon.
You were hungry.

You visited 1 branch of the dungeon, and saw 4 of its levels.

You collected 192 gold pieces.

Inventory:

Hand Weapons
 a - a +1 long sword (weapon)
Missiles
 p - 59 stones (quivered)
 u - 44 sling bullets
Armour
 b - a +0 scale mail (worn)
 c - a +0 shield (worn)
 e - a cursed +0 ring mail
 y - a cursed +0 robe
Magical Staves
 q - a cursed staff of wizardry
Jewellery
 h - an uncursed amulet of harm
 A - a cursed -3 ring of strength {unknown}
Scrolls
 i - a scroll of random uselessness
 m - a scroll of identify
 r - a scroll of remove curse
 z - a scroll of fog {unknown}
Potions
 d - a potion of might
 j - a potion of lignification
 k - a potion of agility
Miscellaneous
 v - a plain deck of wonders
Comestibles
 f - 5 bread rations
 g - a meat ration
 n - 2 royal jellies
 t - a slice of pizza


   Skills:
 + Level 3.6 Fighting
 + Level 2.5 Long Blades
 + Level 3.3 Armour
 + Level 1.2 Dodging
 + Level 3.1 Shields


You had 4 spell levels left.
You didn't know any spells.

Dungeon Overview and Level Annotations

Branches:
Dungeon (4/15)
 Temple: D:4-7

Altars:
Makhleb
Nemelex Xobeh
Sif Muna
Zin

Annotations:
D:4 Eustachio


Innate Abilities, Weirdness & Mutations

You have hooves in place of feet.
Armour fits poorly on your strangely shaped body.
You cover ground very quickly.
You have extremely tough skin (AC +3).


Message History

The adder skeleton bites you but does no damage.
The rat bites you but does no damage. You block the iron imp's attack.
Eustachio gestures wildly while chanting.
Eustachio blinks!
Read which item? (? for menu, Esc to quit)
As you read the scroll labeled YFUACZ YBALURCH, it crumbles to dust.
You feel blessed for a moment.
It was a scroll of remove curse.
The quokka barely misses you. You block the river rat's attack.
You block the adder skeleton's attack. The rat barely misses you.
The iron imp hits you.
* * * LOW HITPOINT WARNING * * *
Read which item? (? for menu, Esc to quit)
As you read the scroll labeled RYLEDW BEYF, it crumbles to dust.
It is a scroll of enchant weapon.
Enchant which weapon? (? for menu, Esc to quit)
Your +0 long sword glows red for a moment.
The quokka bites you but does no damage.
The river rat bites you but does no damage.
The adder skeleton bites you.
You die...

## ... #.#.#######
#..5r@5b..#
#...rZr...#
.......5....# #####
.##.........# #...#
#.........###...#
#...............#
#...............#
#...............#
#..............#######


You could see an iron imp, a quasit, a river rat, a white imp, a quokka, a bat,
a rat and an adder skeleton.

Vanquished Creatures
  A scorpion (D:4)
  A hound (D:2)
  A worker ant (D:4)
  3 adders
  An ooze (D:3)
  An adder skeleton (D:4)
  3 worms (D:2)
  A dart slug (D:1)
  4 giant cockroaches
  6 hobgoblins
  21 jackals
  13 kobolds
  3 quokkas
  2 ball pythons
  7 bats
  5 giant newts
  7 goblins
  10 rats
90 creatures vanquished.

Notes
Turn   | Place    | Note
--------------------------------------------------------------
     0 | D:1      | Shtopit the Centaur Fighter began the quest for the Orb.
     0 | D:1      | Reached XP level 1. HP: 19/19 MP: 1/1
   139 | D:1      | Reached XP level 2. HP: 23/26 MP: 2/2
   885 | D:2      | Reached XP level 3. HP: 21/31 MP: 3/3
  1326 | D:2      | Reached XP level 4. HP: 18/38 MP: 4/4
  1496 | D:2      | Found a burning altar of Makhleb.
  1940 | D:2      | Found a glowing silver altar of Zin.
  1940 | D:2      | Noticed an angel
  2348 | D:3      | Found a sparkling altar of Nemelex Xobeh.
  2561 | D:3      | Reached XP level 5. HP: 44/45 MP: 5/5
  3067 | D:4      | Found a deep blue altar of Sif Muna.
  3113 | D:4      | Reached skill level 1 in Dodging
  3396 | D:4      | Noticed Eustachio
  3413 | D:4      | HP: 2/45 [iron imp[Eustachio] (5)]
  3414 | D:4      | Slain by an adder skeleton

Skill      XL: |  1  2  3  4  5 |
---------------+----------------+-----
Long Blades    | 2 |  2.5
Armour         | 3 |  3.3
Dodging        | 1 |  1.2
Shields        | 3 |  3.1
Fighting       | |  3.6

Action                   |  1- 3 |  4- 6 || total
-------------------------+-------+-------++-------
Melee: Long sword        |   114 |   222 ||   336
       Kick              |    18 |    41 ||    59
  Use: Scroll            |     3 |     2 ||     5
       Potion            |       |     4 ||     4
  Eat: Chunk             |     1 |     6 ||     7
Armor: Scale mail        |    67 |   160 ||   227
Dodge: Dodged            |    29 |    64 ||    93
Block: Shield            |    53 |   146 ||   199
